Map: 2000 Atmospheres LE

Players

Sepheron - Winner!

  • Race: Protoss Protoss
  • League: Grandmaster

Mechachu

  • Race: Terran Terran
  • League: Master

VOD

Have the link to the VOD?

Description

Time

  • Played on: Nov. 30, 2021, 1:38 a.m.
  • Length: 8:44
Show
View Real Time Build Order
Export as new Build Order

Sepheron Protoss - Winner!

Build Orders: Proxy Void Ray 

Get SALT Encoding   

  12  0:00  Probe  
  13  0:12  Probe  
  14  0:18  Pylon  
  14  0:24  Probe (Chrono Boost)  
  15  0:33  Pylon  
  15  0:37  Probe (Chrono Boost)  
  16  0:46  Probe (Chrono Boost)  
  17  0:51  Gateway  
  17  0:54  Probe  
  18  0:59  Assimilator  
  18  1:06  Probe  
  19  1:19  Probe, Assimilator  
  20  1:31  Probe  
  21  1:38  Zealot (Chrono Boost)  
  21  1:40  Cybernetics Core  
  21  1:43  Probe  
  24  1:55  Probe  
  24  1:56  Gateway  
  25  2:06  Zealot (Chrono Boost)  
  25  2:07  Probe  
  28  2:18  Stargate  
  28  2:24  Shield Battery  
  28  2:26  Warp Gate  
  28  2:28  Stalker (Chrono Boost)  
  30  2:39  Pylon  
  30  2:56  Void Ray (Chrono Boost)  
  30  3:04  Shield Battery  
  34  3:07  Shield Battery  
  34  3:10  Shield Battery  
  34  3:14  Probe  
  35  3:21  Pylon  
  35  3:28  Probe  
  36  3:35  Void Ray (Chrono Boost)  
  40  4:02  Void Ray (Chrono Boost)  
  40  4:03  Pylon, Probe  
  41  4:16  Stalker  
  47  4:21  Pylon  
  47  4:23  Stalker  
  49  4:36  Probe  
  50  4:45  Nexus  
  50  4:49  Sentry  
  50  4:50  Sentry  
  52  5:07  Probe  
  52  5:10  Twilight Council  
  53  5:18  Stalker  
  53  5:19  Probe  
  54  5:30  Stalker  
  54  5:31  Probe  
  57  5:43  Probe  
  58  5:50  Stalker  
  58  5:55  Charge (Chrono Boost), Probe  
  57  5:58  Probe  
  58  6:08  Probe  
  58  6:10  Probe  
  60  6:13  Gateway  
  60  6:14  Gateway  
  60  6:19  Sentry  
  60  6:20  Probe  
  63  6:25  Probe  
  64  6:38  Probe  
  64  6:39  Pylon  
  66  6:40  Probe  
  66  6:44  Gateway  
  66  6:45  Gateway  
  66  6:47  Gateway  
  66  6:48  Stalker x2  
  66  6:50  Probe  
  66  6:52  Probe  
  72  7:02  Probe  
  72  7:06  Probe  
  74  7:09  Phoenix  
  74  7:14  Probe  
  74  7:15  Robotics Facility  
  77  7:18  Probe  
  77  7:19  Pylon  
  78  7:23  Sentry  
  78  7:24  Zealot x3  
  88  7:37  Probe x2  
  88  7:42  Pylon  
  88  7:44  Pylon  
  88  7:46  Pylon  
  88  7:49  Probe  
  88  7:50  Nexus  
  87  8:07  Zealot x6  
  99  8:18  Zealot  
  95  8:40  Zealot x7  
Show
View Real Time Build Order
Export as new Build Order

Mechachu Terran 

Build Orders:  

Get SALT Encoding   

  12  0:00  SCV  
  13  0:12  SCV  
  14  0:16  Supply Depot  
  14  0:24  SCV  
  15  0:38  SCV  
  15  0:40  Barracks  
  16  0:44  Refinery  
  16  0:50  SCV  
  17  1:02  SCV  
  18  1:14  SCV  
  19  1:31  Orbital Command  
  19  1:32  Marine  
  20  1:47  Command Center  
  20  1:54  Barracks Reactor  
  20  1:58  SCV  
  21  2:12  Bunker  
  20  2:16  SCV  
  20  2:21  Supply Depot  
  20  2:22  Bunker  
  21  2:28  SCV  
  22  2:30  Command Center  
  22  2:34  Marine  
  22  2:35  Factory  
  23  2:43  SCV  
  24  2:50  Refinery  
  24  2:54  Engineering Bay  
  24  2:55  SCV  
  24  2:57  Marine  
  26  3:06  Marine  
  26  3:07  SCV  
  27  3:15  Marine  
  27  3:19  Factory Tech Lab, SCV  
  29  3:24  Marine  
  29  3:31  SCV  
  29  3:33  Marine  
  31  3:37  Starport  
  31  3:42  Marine, Cyclone  
  31  3:46  Orbital Command  
  35  3:51  Marine  
  35  3:56  SCV  
  35  4:02  Supply Depot  
  33  4:06  Marine  
  33  4:08  SCV  
  35  4:14  Medivac  
  37  4:21  Supply Depot  
  37  4:31  Cyclone  
  42  4:41  Bunker  
  42  4:42  SCV  
  41  4:48  Marine  
  42  4:54  Supply Depot  
  42  5:00  Starport Reactor  
  39  5:08  Factory Tech Lab  
  39  5:12  Widow Mine  
  37  5:32  Marine  
  37  5:33  Widow Mine  
  39  5:40  Viking x2  
  42  5:50  Marine, SCV  
  44  5:58  Widow Mine  
  46  6:07  Bunker  
  46  6:08  SCV  
  46  6:10  Viking, Supply Depot  
  49  6:14  Barracks Reactor  
  48  6:26  SCV  
  48  6:27  Bunker  
  49  6:38  Supply Depot, SCV  
  50  6:40  Factory Tech Lab, Barracks Reactor  
  50  6:50  SCV  
  51  6:55  Orbital Command  
  51  6:57  Viking  
  53  7:05  Siege Tank  
  56  7:21  Supply Depot  
  56  7:24  Marine  
  56  7:25  Marine  
  56  7:26  SCV  
  59  7:38  Siege Tank  
  59  7:39  Viking x2  
  66  7:52  SCV  
  67  8:02  Supply Depot  
  67  8:14  SCV  
Tags
 
Add a new tag
Caveats
  • Supply blocks, unpowered buildings, or Contaminate may cause inaccurate times.
  • Supply counts are checked every 10 seconds.